[Event "*** Titled Tuesday Blitz"]
[Site "Chess.com"]
[Date "2020.04.14"]
[Round "2"]
[White "albi1999"]
[Black "Angry_Twin"]
[Result "1-0"]
[WhiteElo "2591"]
[BlackElo "2825"]
[TimeControl "180+1"]
[EndTime "10:19:18 PDT"]
[Termination "albi1999 won on time"]

1. d4 Nf6 2. c4 e6 3. Nf3 d5 4. g3 Bb4+ 5. Bd2 Be7 6. Bg2 O-O 7. Qc2 Nbd7 8. O-O c6 9. Rd1 b6 10. b3 Ba6 11. Bc1 Rc8 12. Bb2 c5 13. Nc3 dxc4 14. d5 exd5 15. Nxd5 Bb7 16. Nxe7+ Qxe7 17. Ng5 cxb3 18.
axb3 Bxg2 19. Rxa7 Be4 20. Nxe4 Qxe4 21. Qxe4 Nxe4 22.
Rdxd7 b5 23. f3 Ng5 24. Kf2 Ne6 25. Rdb7 Rb8 26. Be5 Rxb7 27. Rxb7 b4 28. Rd7 f6 29. Bd6 Re8 30. e3 h5 31. h4 Rc8 32. Re7 Nf8 33.
Rc7 Rxc7 34. Bxc7 Nd7 35. Ke2 Kf7 36. Kd3 Ke6 37. Kc4 g5 38. e4 gxh4 39. gxh4 f5 40. Bf4 fxe4 41. fxe4 Nf6 42. Kxc5 Nxe4+ 43. Kxb4 Kf5 44.
Bc7 Kg4 45. Bd8 Kf5 46. Kc4 Ke6 47. b4 Nd6+ 48. Kb3 Kd5 49. Ka4 Kc6 50. Be7 Nb5 51. Bf6 Nc7 52. Be5 Nb5 53. Ka5 Na7 54. Bd4 Nb5 55. Be3 Na3 56. Ka4 Nb5 57. Kb3 Kd5 58. Bg5 Nd6 59. Kc3 Nb5+ 60. Kd3 Nd6 61. Ke3 Kc4 62. Kf4 Nc8 63. Kf5 Kxb4 64. Kg6 Kc4 65. Kxh5 Kd5 66. Kg6 Nd6 67. h5 Ke6 68. h6 Nf7 69. h7 Nh8+ 70. Kg7 Nf7 71. Bf6 Nh8 72. Kxh8 Kf7 73. Bg7 1-0

[Event "*** Titled Tuesday Blitz"]
[Site "Chess.com"]
[Date "2020.04.14"]
[Round "2"]
[White "DamianoLew95"]
[Black "tigra"]
[Result "1/2-1/2"]
[WhiteElo "2567"]
[BlackElo "2798"]
[TimeControl "180+1"]
[EndTime "10:19:19 PDT"]
[Termination "Game drawn - insufficient material"]

1. d4 Nf6 2. Nf3 e6 3. Bf4 c5 4. e3 Nc6 5. c3 Nh5 6. Bg5 Qb6 7. Qb3 h6 8. Bh4 g5 9. Bg3 d5 10. Nbd2 Nxg3 11. hxg3 Bg7 12. Be2 Bd7 13. O-O g4 14.
Qxb6 axb6 15. Ne1 h5 16. a3 Ke7 17. Nd3 c4 18. Nf4 Bh6 19. Nxh5 Bxe3 20. fxe3 Rxh5 21. Bxg4 Rg5 22. Bf3 Rxg3 23. Kf2 Rg7 24. e4 dxe4 25. Bxe4 b5 26. Rh1 Rag8 27. Rag1 Na5 28. Rh5 Bc6 29.
Bf3 Rg5 30. Rxg5 Rxg5 31. Rh1 Rg8 32. Rh5 f5 33. Bxc6 bxc6 34. Rh7+ Kd6 35. Nf3 c5 36. Ne5 cxd4 37. cxd4 Kd5 38. Ke3 f4+ 39. Kxf4 Kxd4 40.
Rd7+ Kc5 41. g4 Nb3 42. g5 Nc1 43. Rd1 Rf8+ 44. Ke3 Rf5 45. Nd7+ Kc6 46. Nb8+ Kc7 47. Rxc1 Rxg5 48. Na6+ Kb6 49. Nb4 Kc5 50. Rc2 Rg4 51.
Nd3+ Kd5 52. Nf4+ Ke5 53. Ne2 Rh4 54. Ng1 Kd5 55. Nf3 Rh3 56. Rg2 e5 57. Rg5 Kd6 58.
Ke4 Rh1 59. Rg6+ Kc5 60. Nxe5 Re1+ 61. Kf4 b4 62. a4 Kd5 63. Nf3 Re4+ 64. Kf5 Re2 65.
Rg5 Rxb2 66. Kf4+ Kd6 67. a5 Ra2 68. Nd4 b3 69. Ke4 b2 70. Nb5+ Kc6 71. Nc3 Ra3 72.
Nb1 Ra1 73. Rg1 Kc5 74. Ke3 Kb4 75. Kd2 Kb3 76. Rg3+ Kb4 77. Kc2 Rxa5 78. Kxb2 Rf5 79. Kc2 Rf2+ 80. Nd2 Rh2 81. Rg4 Kb5 82. Rxc4 Rxd2+ 83.
Kxd2 Kxc4 1/2-1/2

[Event "*** Titled Tuesday Blitz"]
[Site "Chess.com"]
[Date "2020.04.14"]
[Round "2"]
[White "Zubrrr"]
[Black "Gahan-MG"]
[Result "1-0"]
[WhiteElo "2728"]
[BlackElo "2518"]
[TimeControl "180+1"]
[EndTime "10:19:24 PDT"]
[Termination "Zubrrr won on time"]

1. c4 Nf6 2. g3 g6 3. Bg2 d5 4. cxd5 Nxd5 5. Nc3 Nb6 6. Nf3 Bg7 7. O-O O-O 8. d3 Nc6 9. Be3 e5 10. Qd2 Re8 11. Bh6 Bh8 12. Rac1 Bg4 13. h3 Be6 14. Ng5 Bd7 15. Nge4 Qc8 16. Kh2 Nd4 17. Bg5 f5 18. Nf6+ Bxf6 19. Bxf6 Kf7 20. Bh4 Bc6 21. Qh6 Kg8 22. f3 Qe6 23. e3 Nb5 24. Nxb5 Bxb5 25. Rxc7 Nd7 26. Rfc1 Bc6 27. f4 e4 28. dxe4 fxe4 29.
Bf1 Bd5 30. Rd1 Rac8 31. Rxd7 Rc2+ 32. Kg1 Qxd7 33. Bf6 Qf7 34. Bc3 Bxa2 35. Qg5 Bb3 36. Bb5 Rxc3 37. Bxe8 Qf5 38. bxc3 Qxg5 39. fxg5 Bxd1 40.
Bb5 Kf7 41. Kf2 a6 42. Bc4+ Ke7 43. Bd5 b5 44. Bxe4 a5 45. Ke1 Bb3 46. Bc6 Bc4 47.
Kd2 Kd6 48. Be4 Ke5 49. Bb1 a4 50. Kc1 a3 51. Bc2 Be6 52. h4 Bc4 53. Kb1 Ke6 54.
Ka1 Ke5 55. g4 Ke6 56. h5 Kf7 57. Be4 Kg7 58. hxg6 hxg6 59. Bc2 Kf7 60. Be4 Kg7 61. Bc2 Kf7 62. Be4 Bb3 63. Bd3 Ke6 64. Bxb5 Ke5 65.
Bd3 Ke6 66. Bxg6 Ke5 67. Bf5 Kd6 68. g6 Ke7 69. Bd3 Kf6 70. Bb1 Kg7 71. g5 Bc4 72. Bc2 Bd5 73. Bd3 Bb3 74. c4 Ba4 75. Ka2 Bc6 76.
Kxa3 Kf8 77. Kb4 Be8 78. Kc5 Bxg6 79. Bxg6 1-0

[Event "*** Titled Tuesday Blitz"]
[Site "Chess.com"]
[Date "2020.04.14"]
[Round "2"]
[White "Willychess95"]
[Black "frankshar"]
[Result "1-0"]
[WhiteElo "2647"]
[BlackElo "2242"]
[TimeControl "180+1"]
[EndTime "10:19:24 PDT"]
[Termination "Willychess95 won by resignation"]

1. e4 c6 2. d4 d5 3. e5 Bf5 4. h4 h6 5. g4 Bd7 6. h5 c5 7. c3 Nc6 8. f4 cxd4 9. cxd4 Qb6 10.
Nc3 Qxd4 11. Qf3 Nb4 12. Qf2 Qxf2+ 13. Kxf2 Bxg4 14. a3 Nc6 15. Nxd5 O-O-O 16. Bg2 e6 17. Ne3 Bc5 18. Kg3 Bf5 19. Nxf5 exf5 20. Nf3 Nge7 21. b4 Bd4 22. Ra2 a6 23. Rc2 Kb8 24. Bd2 Bb6 25. Rhc1 Rd3 26. Kh2 Rhd8 27. Bc3 Be3 28. Rf1 Bxf4+ 29.
Kh1 Rd1 30. Rf2 Bg3 31. Rxd1 Rxd1+ 32. Rf1 Rxf1+ 33. Bxf1 Nd5 34. Ba1 Ne3 35. Bd3 Kc8 36. e6 fxe6 37. Bxg7 Bf4 38. Kg1 Ng4 39. Bc4 Nd8 40. Nd4 Be3+ 41. Kg2 Bxd4 42. Bxd4 e5 43. Bg1 Kd7 44. Kg3 Kd6 45. Bc5+ Kd7 46. Bg1 Ne6 47.
Bd3 Ng7 48. Bxf5+ Nxf5+ 49. Kxg4 Ke6 50. Bh2 Nd4 51. Bg1 Kd5 52. Be3 Ke4 53. Bxh6 Nf5 54.
Bg5 b5 55. h6 Nxh6+ 56. Bxh6 Kd3 57. Kf3 e4+ 58. Kf2 Kc2 59. Ke2 Kb2 60. Bd2 Kxa3 61.
Ke3 Kb3 62. Kxe4 Kc4 63. Ke3 Kd5 64. Kd3 Kc6 65. Kd4 a5 66. bxa5 Kb7 67. Bb4 Ka8 68.
Kc5 Kb7 69. Kxb5 Ka8 70. Kc6 Ka7 71. Bc5+ Ka8 72. Kb6 Kb8 73. Ka6 Ka8 74. Bb6 Kb8 75.
Kb5 Ka8 76. Kc6 Kb8 77. Be3 Ka8 78. Bf4 Ka7 1-0

[Event "*** Titled Tuesday Blitz"]
[Site "Chess.com"]
[Date "2020.04.14"]
[Round "2"]
[White "Vesper2018"]
[Black "Sunnika"]
[Result "1-0"]
[WhiteElo "1840"]
[BlackElo "2352"]
[TimeControl "180+1"]
[EndTime "10:19:24 PDT"]
[Termination "Vesper2018 won by resignation"]

1. e4 Nf6 2. e5 Nd5 3. d4 d6 4. Nf3 dxe5 5. Nxe5 c6 6. Be2 Bf5 7. O-O Nd7 8. c4 N5f6 9. Nf3 e6 10. Nc3 Bd6 11. Bg5 h6 12. Bh4 O-O 13. Bd3 Bxd3 14.
Qxd3 Qa5 15. Rfe1 Rfe8 16. Re2 Nh5 17. Bg3 Nxg3 18. hxg3 a6 19. Rae1 Rad8 20. Qc2 Qb4 21. b3 Bf8 22. Ne4 Qb6 23. g4 g6 24. g5 Qc7 25. Qc1 hxg5 26. Qxg5 Bg7 27. g3 Nf8 28. Kg2 Qe7 29. Qe3 Nh7 30. Rh1 Nf6 31. Nxf6+ Qxf6 32. Rh4 Qf5 33. Re1 f6 34. Reh1 g5 35. Rh5 Qg6 36.
g4 Rd7 37. Qe2 Ree7 38. Qe3 Re8 39. Qe2 Ree7 40. Qe1 Re8 41. R1h2 b5 42. Qe2 Rde7 43. Qe3 Rd7 44. Qe2 b4 45. c5 Rd5 46. Qxa6 Red8 47. Qxc6 Qe4 48. Qb5 f5 49. Rxg5 fxg4 50. Rxd5 Qxf3+ 51. Kf1 Qd1+ 52. Kg2 Qf3+ 53. Kg1 Qxd5 54. Qe2 Qxd4 55.
Qxe6+ Kf8 56. Qf5+ Qf6 57. Qxg4 Re8 58. Kg2 Qc6+ 59.
Qf3+ Qxf3+ 60. Kxf3 Bd4 61. Rh5 Kf7 62. Rd5 Ke6 63.
Rxd4 Rc8 64. Rc4 Kd5 65. Ke3 Kc6 66. f4 Re8+ 67. Kf3 Rf8 68. Kg4 Rg8+ 69. Kf5 Rf8+ 70.
Kg5 Rg8+ 71. Kf6 Rf8+ 72. Ke7 Rf5 73. Ke6 Rf8 74. f5 Re8+ 75. Kf7 Re5 76. f6 Rf5 77. Kg7 Rf2 78. f7 Rg2+ 79. Kf6 Rf2+ 80. Kg6 Rg2+ 81. Kf5 Rf2+ 82. Rf4 1-0

[Event "*** Titled Tuesday Blitz"]
[Site "Chess.com"]
[Date "2020.04.14"]
[Round "2"]
[White "AtabayevSaparmyrat"]
[Black "NiranjanNavalgund"]
[Result "1-0"]
[WhiteElo "2785"]
[BlackElo "2425"]
[TimeControl "180+1"]
[EndTime "10:19:27 PDT"]
[Termination "AtabayevSaparmyrat won by resignation"]

1. e4 e5 2. Nf3 Nc6 3. Bb5 a6 4.
Bxc6 dxc6 5. Nc3 f6 6. d4 exd4 7. Nxd4 c5 8. Nde2 Qxd1+ 9. Nxd1 Bd7 10. Bf4 O-O-O 11. Ne3 Bc6 12. Nc3 Ne7 13. f3 Ng6 14. Bg3 Bd6 15. O-O-O Be5 16. Bxe5 Nxe5 17. Nf5 g6 18. Ne7+ Kb8 19. f4 Ng4 20. Nxc6+ bxc6 21. Rxd8+ Rxd8 22. h3 Ne3 23. g3 g5 24. fxg5 fxg5 25. Re1 Nc4 26. Rf1 h6 27. Rf5 Ne3 28. Rf3 Nc4 29.
Rf6 Rd6 30. Rf8+ Ka7 31. b3 Ne5 32. Rf5 Re6 33. Kd2 c4 34. b4 a5 35. bxa5 Ka6 36.
Ke3 c5 37. Nd5 Kxa5 38. Nxc7 Re7 39. Nd5 Re6 40. Rf6 Rxf6 41. Nxf6 Kb4 42. Ng4 Nf7 43. Kd2 c3+ 44. Kd3 h5 45. Nf6 Ne5+ 46. Ke2 h4 47. gxh4 gxh4 48. Nd5+ Kc4 49. a4 Nc6 50. Kd1 Kd4 51.
Nf6 Na5 52. Ke2 Ke5 53. Nd5 Kxe4 54. Nxc3+ Kf4 55. Kf2 Nc6 56. Nd5+ Ke4 57. Nc7 Kd4 58. Ke2 Kc3 59. Kd1 c4 60. Nd5+ Kb2 61. Ne3 c3 62.
Nd5 Nd4 63. a5 Nxc2 64. a6 Nd4 65. Nxc3 Nc6 66. Nb5 Kb3 67. a7 Nxa7 68. Nxa7 Kc4 69. Ke2 Kd4 70. Kf3 Ke5 71. Kg4 Kf6 72. Nb5 Kg6 73.
Nc3 Kh6 74. Ne2 Kg6 75. Nf4+ Kh6 76. Kxh4 Kh7 77. Kg4 Kh6 78. h4 Kh7 79. h5 1-0

[Event "*** Titled Tuesday Blitz"]
[Site "Chess.com"]
[Date "2020.04.14"]
[Round "2"]
[White "Gerasimenyuk_Miha"]
[Black "GodDMuhammad"]
[Result "1-0"]
[WhiteElo "2501"]
[BlackElo "2245"]
[TimeControl "180+1"]
[EndTime "10:19:28 PDT"]
[Termination "Gerasimenyuk_Miha won by resignation"]

1. d4 Nf6 2. Nf3 e6 3. Bg5 d5 4. e3 Nbd7 5. Nbd2 Bd6 6. c3 c6 7. Bd3 Qe7 8. Qc2 e5 9. dxe5 Nxe5 10. Nxe5 Bxe5 11. O-O-O h6 12. Bh4 a5 13. Nf3 Bd6 14. h3 g5 15. Bg3 Bxg3 16. fxg3 Be6 17. Kb1 b5 18. Nd4 Bd7 19. e4 dxe4 20. Rhe1 O-O 21.
Bxe4 Nxe4 22. Rxe4 Qf6 23. g4 c5 24. Nf3 Be6 25.
h4 gxh4 26. Qe2 b4 27. c4 a4 28. Qe3 a3 29. Rd2 axb2 30. Rxb2 Rfd8 31. g5 hxg5 32. Re5 g4 33. Rg5+ Kh7 34. Qe4+ Kh8 35.
Rh5+ Kg7 36. Rg5+ Kf8 37. Qe3 Bf5+ 38. Kc1 Qc3+ 39. Qxc3 bxc3 40. Rf2 gxf3 41. Rxf5 Rd7 42. R5xf3 Ra3 43. Rc2 Rda7 44. Rfxc3 Rxa2 45. Rh3 Ra1+ 46.
Kd2 Rd7+ 47. Kc3 Ra3+ 48. Kb2 Rxh3 49. gxh3 Rd4 50. Kc3 Ke7 51. Rf2 f6 52. Rf5 Ke6 53.
Rxc5 Rf4 54. Rh5 Rf3+ 55. Kd4 Rxh3 56. c5 Rh1 57. c6 Rc1 58. Rxh4 Rxc6 59. Rh8 Ra6 60. Ke3 Ke5 61. Kf3 Ra3+ 62. Kf2 f5 63. Ke2 Ke4 64. Kf2 Ra2+ 65. Kf1 f4 66. Rh3 Kd4 67. Rh8 Ke3 68. Rc8 Ra1+ 69. Kg2 f3+ 70.
Kh2 Ra2+ 71. Kg3 Rg2+ 72. Kh3 Rg5 73. Rc3+ Kf2 74. Rc2+ Ke3 75. Rc3+ Ke2 76. Rc2+ Kd3 77. Ra2 Rd5 78. Rb2 Rd8 79. Kg3 Rf8 80. Kf2 Ke4 81. Rb4+ Kd3 82. Rb3+ Ke4 83. Re3+ Kf4 84. Rxf3+ Kg4 85. Rxf8 Kg5 86. Rf3 1-0

[Event "*** Titled Tuesday Blitz"]
[Site "Chess.com"]
[Date "2020.04.14"]
[Round "2"]
[White "Shahinyan_ChessMood"]
[Black "Reality-Stone"]
[Result "1/2-1/2"]
[WhiteElo "2675"]
[BlackElo "2406"]
[TimeControl "180+1"]
[EndTime "10:19:29 PDT"]
[Termination "Game drawn by repetition"]

1. e4 c5 2. Nc3 d6 3. g3 g6 4. Bg2 Bg7 5. d3 Nc6 6. Be3 Nf6 7. h3 Rb8 8. Qd2 b5 9. Bh6 O-O 10. Bxg7 Kxg7 11. Nge2 b4 12. Nd1 Ba6 13. Ne3 e5 14. O-O Nd4 15. f4 Nh5 16. Kh2 Nxe2 17. Qxe2 exf4 18.
gxf4 Qh4 19. Qg4 Qxg4 20. hxg4 Nf6 21. a3 Bc8 22. g5 Ng4+ 23. Nxg4 Bxg4 24. axb4 cxb4 25.
Rxa7 Rbc8 26. Rf2 Bd1 27. Rb7 Rxc2 28. Rxc2 Bxc2 29. Rxb4 Bxd3 30. Rd4 Bc2 31. Rd2 Bb1 32. Rxd6 Rb8 33. Rd2 Rb4 34. Re2 Bd3 35. Re3 Bc2 36.
e5 Rxf4 37. Bd5 Rf5 38. b4 Rxg5 39. b5 Rg4 40. Rf3 Bf5 41. Rb3 Bc8 42. b6 Rg5 43.
Rc3 Ba6 44. Ra3 Rxe5 45. Bc6 Re6 46. b7 Bxb7 47. Bxb7 h5 48. Bd5 Rd6 49. Bc4 f5 50.
Ra7+ Kh6 51. Kg3 Kg5 52. Ra6 Rd4 53. Be2 Re4 54. Bc4 Re3+ 55. Kf2 Rc3 56. Bf7 h4 57.
Rxg6+ Kf4 58. Rd6 Rc2+ 59. Kg1 h3 60. Rd3 h2+ 61. Kh1 Kg5 62. Ra3 f4 63. Bd5 Kg4 64. Bg2 Rc1+ 65. Kxh2 Rc2 66. Rh3 Rd2 67. Rf3 Rc2 68. Ra3 Rd2 69. Kg1 Rd1+ 70. Bf1 Rd2 71. Ra4 Kg3 72. Ra8 Rc2 73. Rg8+ Kf3 74. Rf8 Rc1 75.
Rd8 Kg3 76. Rd3+ f3 77. Ra3 Rb1 78. Rd3 Rc1 79. Ra3 Rb1 80. Re3 Rc1 81. Ra3 1/2-1/2

[Event "*** Titled Tuesday Blitz"]
[Site "Chess.com"]
[Date "2020.04.14"]
[Round "2"]
[White "artooon"]
[Black "ehrenfeld"]
[Result "1/2-1/2"]
[WhiteElo "2694"]
[BlackElo "2457"]
[TimeControl "180+1"]
[EndTime "10:19:31 PDT"]
[Termination "Game drawn by stalemate"]

1. e4 e5 2. Nf3 Nc6 3. d4 exd4 4. Bc4 Nf6 5. O-O Nxe4 6. Nc3 Nxc3 7. bxc3 Be7 8.
Nxd4 Nxd4 9. Qxd4 O-O 10. Bf4 d6 11. Rfe1 Bf6 12. Qd3 Bd7 13. Bd5 Rb8 14. Rab1 b6 15. Qc4 c6 16. Bf3 d5 17. Qa4 Ra8 18. c4 Re8 19. Red1 Qe7 20. cxd5 cxd5 21. Qb3 Be6 22. Bxd5 Rad8 23. Bxe6 Rxd1+ 24. Rxd1 Qxe6 25. Qxe6 Rxe6 26. Be3 Rc6 27. g4 h6 28. Rd7 a6 29. a4 b5 30. axb5 axb5 31. Rb7 Rxc2 32. Rxb5 Rc7 33. Kg2 Rd7 34. Rb6 Kh7 35. Rb5 Bd4 36. Bf4 g6 37. Rb4 Bg7 38. Re4 Rd4 39. Kf3 Rxe4 40. Kxe4 Bf6 41. Be5 Bd8 42. f4 Be7 43. f5 gxf5+ 44. Kxf5 Bd8 45. h3 Bh4 46. Bf6 Be1 47. Be7 Bc3 48. Bf8 Bb2 49. Bd6 Bd4 50. h4 Bf2 51. h5 Be3 52. Bf4 Bd4 53. Be5 Be3 54. Kf6 Kg8 55. Bb2 Bg5+ 56. Kf5 Be3 57. Be5 Bg5 58. Bf4 Bxf4 59. Kxf4 Kf8 60. Ke5 Kg7 61.
Kf5 Kg8 62. Kf6 Kf8 63. Ke5 Kg7 64. Kf5 Kg8 65. Ke4 Kg7 66. Ke5 Kg8 67. Kd6 Kg7 68. Ke7 Kg8 69. Kf6 Kf8 70. g5 hxg5 71. h6 Kg8 72. Kxg5 Kh7 73. Kh5 f6 74. Kg4 Kxh6 75. Kf4 Kg6 76. Kf3 f5 77. Kf4 Kf6 78. Kf3 Ke5 79. Ke3 f4+ 80. Kf3 Kf5 81. Kf2 Ke4 82.
Ke2 f3+ 83. Kf2 Kf4 84. Kf1 Ke3 85. Ke1 f2+ 86. Kf1 Kf3 1/2-1/2

[Event "*** Titled Tuesday Blitz"]
[Site "Chess.com"]
[Date "2020.04.14"]
[Round "2"]
[White "StoreySniper"]
[Black "Dynamikus"]
[Result "1/2-1/2"]
[WhiteElo "2538"]
[BlackElo "2743"]
[TimeControl "180+1"]
[EndTime "10:19:32 PDT"]
[Termination "Game drawn - insufficient material"]

1. g3 d5 2. Bg2 e5 3. c4 dxc4 4. Qa4+ c6 5. Qxc4 Nf6 6. Nf3 Bd6 7. b3 O-O 8. Bb2 Re8 9. Ng5 Qe7 10. Nc3 Nbd7 11.
Nce4 Nxe4 12. Nxe4 Bc7 13. O-O Nb6 14. Qc2 Bf5 15.
a4 Nd5 16. Ba3 Nb4 17. Bxb4 Qxb4 18. Nf6+ gxf6 19. Qxf5 Qxd2 20. e3 Kg7 21. Be4 Rad8 22. Qxh7+ Kf8 23. Qf5 Ke7 24. Bf3 Bb6 25. Rab1 Qd3 26. Be4 Qe2 27. Rfe1 Qd2 28. b4 Rh8 29. a5 Bc7 30. a6 bxa6 31. Bxc6 Bb6 32. Bf3 Rxh2 33.
Re2 Rxf2 34. Rxd2 Rfxd2 35. Re1 R8d3 36. Qe4 Rc3 37. Qb7+ Rc7 38. Qxa6 Bxe3+ 39. Kh1 Bb6 40.
Re2 Rc1+ 41. Kh2 Rd8 42. Qb7+ Rc7 43. Qe4 Rc1 44. Bh5 Rh8 45. g4 Rd8 46. Rg2 Rdd1 47. Rc2 Rh1+ 48. Qxh1 Rxc2+ 49. Kh3 Rc3+ 50. Kg2 Rc2+ 51.
Kf3 Rc3+ 52. Ke4 Rc4+ 53. Kd5 Rxb4 54. Kc6 Rc4+ 55. Kb5 Rc7 56. Ka6 Rc5 57. Qb7+ Rc7 58. Qd5 Rc5 59. Qxf7+ Kd6 60. Qf8+ Kd5 61. Qxf6 Ra5+ 62.
Kb7 Rc5 63. Bf7+ Kd4 64. Qf2+ Kc3 65. Qe1+ Kd3 66. Qd1+ Ke3 67. Qe1+ Kf4 68. Bb3 Rc7+ 69. Ka6 Kxg4 70. Qf1 Rc5 71. Be6+ Kg5 72. Qh3 Kf6 73. Kb7 Ke7 74. Qf5 Rc7+ 75. Ka6 Kd6 76. Bb3 Kc5 77.
Qd3 Kb4 78. Qb5+ Kc3 79. Qa4 Rc5 80. Be6 Ra5+ 81. Qxa5+ Bxa5 82. Kxa5 e4 83. Bg4 e3 84. Ka6 Kd2 85. Kxa7 e2 86. Bxe2 1/2-1/2

[Event "*** Titled Tuesday Blitz"]
[Site "Chess.com"]
[Date "2020.04.14"]
[Round "2"]
[White "nocnypako"]
[Black "AnnaChessLook"]
[Result "1/2-1/2"]
[WhiteElo "2588"]
[BlackElo "2239"]
[TimeControl "180+1"]
[EndTime "10:19:32 PDT"]
[Termination "Game drawn - insufficient material"]

1. d4 Nf6 2. c4 c5 3. d5 b5 4. Nf3 bxc4 5. Nc3 d6 6. e4 g6 7. Bxc4 Bg7 8. O-O O-O 9. Re1 Bg4 10. Bf4 Nbd7 11. h3 Bxf3 12. Qxf3 Nb6 13. Bb5 Nfd7 14.
Bc6 Rb8 15. Qe2 Ne5 16. Bxe5 Bxe5 17. Qa6 Nc8 18. Rab1 Nb6 19. Rec1 Nc8 20. b3 Qb6 21. Qe2 a5 22. Nd1 Na7 23. Ba4 e6 24. Ne3 Nb5 25. Nc4 Nd4 26. Qg4 Qa6 27. Nxe5 dxe5 28. dxe6 Ne2+ 29. Kh2 Nxc1 30. exf7+ Rxf7 31. Rxc1 Rxf2 32. Rxc5 Qf6 33. Rxa5 Rxa2 34. Qg3 Rd8 35. Qxe5 Qxe5+ 36. Rxe5 Rdd2 37. Rg5 Kf7 38. Bc6 h6 39. Rg3 g5 40.
Bd5+ Kf6 41. b4 Rab2 42. Rg4 Ke5 43. h4 gxh4 44. Kh3 Rxb4 45. Kxh4 Rb6 46. Rg8 Rf6 47.
Kh5 Rdf2 48. Rg6 Rxg6 49. Kxg6 Rf6+ 50. Kh5 Kf4 51. Bg8 Kg3 52. Bh7 Kxg2 53. Bg6 Kf3 54. Kxh6 Kf4 55. Kg7 Ke5 56. Bf5 Rb6 57. Kh7 Kf6 58.
Kh6 Rb2 59. Kh5 Rg2 60. Kh4 Ke5 61. Kh3 Rg7 62. Kh4 Kf4 63. Kh5 Re7 64. Kh6 Ra7 65.
Kg6 Ra6+ 66. Kf7 Ke5 67. Kg7 Ra4 68. Kf7 Rd4 69. Kg7 Rd6 70. Kf7 Rf6+ 71. Kg7 Rb6 72.
Kf7 Rd6 73. Kg7 Rf6 74. Kh7 Kf4 75. Kg7 Ke5 76. Kh7 Rf8 77. Kg7 Rd8 78. Kf7 Rd4 79.
Ke7 Rb4 80. Kd7 Rb7+ 81. Kc6 Rb4 82. Kc5 Rb1 83. Kc4 Rc1+ 84. Kd3 Rc6 85. Ke3 Rc3+ 86. Kf2 Kf4 87. Ke2 Rc2+ 88. Kd3 Rc1 89. Kd4 Rd1+ 90. Kc5 Ke5 91. Kc4 Rc1+ 92. Kd3 Rg1 93. Ke3 Rg3+ 94. Kd2 Ra3 95. Ke2 Kd4 96. Kf2 Re3 97. Kg2 Rxe4 98. Bxe4 1/2-1/2

[Event "*** Titled Tuesday Blitz"]
[Site "Chess.com"]
[Date "2020.04.14"]
[Round "2"]
[White "Grandmaster2B"]
[Black "Incognito_Knight"]
[Result "0-1"]
[WhiteElo "2530"]
[BlackElo "2757"]
[TimeControl "180+1"]
[EndTime "10:19:33 PDT"]
[Termination "Incognito_Knight won by resignation"]

1. e4 c5 2. Nf3 e6 3. d4 cxd4 4. Nxd4 a6 5. c4 Nf6 6. Nc3 Qc7 7. a3 Nc6 8. Be3 Bd6 9. Bd3 O-O 10. g3 Nxd4 11.
Bxd4 Be5 12. Bxe5 Qxe5 13. f4 Qc5 14. Qe2 d6 15. Qf2 Qc7 16. O-O Ng4 17. Qe2 Nf6 18.
Rad1 e5 19. f5 Bd7 20. g4 Bc6 21. g5 Nd7 22. Rf3 Rfe8 23. Rh3 Nf8 24. Nd5 Bxd5 25.
exd5 e4 26. Bxe4 Qe7 27. Re1 Qxg5+ 28. Rg3 Qf6 29. Qg2 Re5 30. Kh1 Rae8 31. Rg1 g6 32.
Bd3 Re3 33. Rxe3 Rxe3 34. fxg6 hxg6 35. Bb1 Qe5 36. Rf1 Re2 37. Rf2 Re1+ 38. Rf1 Rxf1+ 39. Qxf1 Qxb2 40. Be4 Qe5 41. Bg2 Nd7 42. Qb1 Nc5 43.
a4 Kg7 44. a5 Qd4 45. Qf1 Qe5 46. Bh3 Ne4 47. Bc8 Nd2 48. Qg2 Qe1+ 49. Qg1 Qe4+ 50. Qg2 Qe1+ 51. Qg1 Qe4+ 52. Qg2 Qxg2+ 53. Kxg2 Nxc4 54.
Bxb7 Nxa5 55. Bxa6 Nb3 56. Kf3 Kf6 57. Bc4 Nc5 58. Kf4 Nd7 59. h4 Ne5 60. Be2 Nd7 61. Bf3 Nc5 62. Bg2 Kg7 63. Bh3 f6 64. Bg2 Kh6 65. Bf3 Kg7 66. Bg2 Nd7 67. Bh3 Ne5 68.
Be6 Kf8 69. Bc8 Ke7 70. Bh3 Kd8 71. Bf1 Kc7 72. Bg2 Kb6 73. Be4 Kc5 74. Bg2 Kd4 75. Be4 Nd3+ 76. Kf3 f5 77. Bxd3 Kxd3 78. Kf4 Kd4 79.
Kg5 Kxd5 80. Kxg6 f4 81. h5 f3 82. h6 f2 83. h7 f1=Q 84. h8=Q Qg2+ 85. Kf7 Qf3+ 86. Ke7 Qe4+ 87. Kd7 Qe6+ 88. Kc7 Qe7+ 89.
Kb6 Qe3+ 90. Kc7 Qa7+ 0-1

[Event "*** Titled Tuesday Blitz"]
[Site "Chess.com"]
[Date "2020.04.14"]
[Round "2"]
[White "Nikolakis2014"]
[Black "KarpovVadim"]
[Result "0-1"]
[WhiteElo "2685"]
[BlackElo "2391"]
[TimeControl "180+1"]
[EndTime "10:19:34 PDT"]
[Termination "KarpovVadim won by resignation"]

1. Nf3 Nf6 2. c4 e6 3. g3 d5 4. d4 Be7 5. Bg2 O-O 6. O-O dxc4 7. Qc2 a6 8. a4 Bd7 9. Rd1 a5 10.
Qxc4 Bc6 11. Nc3 Na6 12. Bg5 Bxf3 13. Bxf3 c6 14. Bxf6 Bxf6 15. e3 Nb4 16. Kg2 g6 17. Rac1 Bg7 18. h4 h5 19. Ne4 Qe7 20. Nc5 Rfd8 21. Be4 Rac8 22. Qe2 e5 23. dxe5 Qxe5 24. Rxd8+ Rxd8 25. Bf3 Qxb2 26. Qxb2 Bxb2 27. Rb1 Rd2 28. Nxb7 Nd3 29. Rf1 Bc3 30. Bxc6 Ra2 31. Bb5 Ne1+ 32. Kh3 Nf3 33. Nc5 Nd2 34. Rc1 Bb4 35. Nd3 Ne4 36. Kg2 Bd2 37. Rc8+ Kg7 38. Rc7 Bxe3 39. Rxf7+ Kxf7 40. Bc4+ Kf6 41. Bxa2 Bd4 42. Bc4 Nc5 43. Nf4 Be5 44.
Nd5+ Kg7 45. Bb5 Bd4 46. f4 Ne4 47. Kf3 Nc3 48. Nc7 Bb6 49. Na8 Bd8 50. Bc6 Kf6 51. Ke3 Nd1+ 52. Ke2 Nc3+ 53. Kd3 Na2 54. Kc4 Nb4 55.
Bf3 Nc2 56. Kb5 Ne3 57. Nb6 Nf5 58. Nd5+ Ke6 59. Nc3 Nd4+ 60. Kc4 Nxf3 61. Ne4 Kf5 62. Nf2 Nxh4 63. gxh4 Kxf4 64. Nd3+ Kg4 65. Ne5+ Kxh4 66. Nxg6+ Kg5 67. Ne5 h4 68. Nf3+ Kg4 69. Nxh4 Kxh4 70. Kd5 Kg4 71. Ke6 Kf4 72. Kd7 Ke4 73. Kxd8 Kd4 74.
Ke7 Kc4 75. Kf6 Kb4 76. Ke5 Kxa4 77. Kd4 Kb3 78. Kd3 a4 79. Kd2 a3 80. Kd3 a2 0-1

[Event "*** Titled Tuesday Blitz"]
[Site "Chess.com"]
[Date "2020.04.14"]
[Round "2"]
[White "Leonid_Starozhilov"]
[Black "Hikaru"]
[Result "1-0"]
[WhiteElo "2641"]
[BlackElo "3241"]
[TimeControl "180+1"]
[EndTime "10:19:37 PDT"]
[Termination "Leonid_Starozhilov won on time"]

1. c4 e6 2. Nf3 b6 3. e3 Bb7 4. Nc3 Bb4 5. Qc2 Bxf3 6. gxf3 Nf6 7. f4 c6 8. a3 Be7 9. Rg1 g6 10. d4 d5 11. cxd5 Nxd5 12. e4 Nxc3 13. bxc3 Nd7 14.
Be3 Rc8 15. f5 exf5 16. exf5 Nf6 17. Bc4 Nd5 18. Kf1 b5 19. Bd3 Qd6 20. Kg2 O-O 21. Kh1 Kh8 22. a4 a6 23. Be4 Nxe3 24. fxe3 c5 25. axb5 axb5 26. Raf1 cxd4 27. exd4 b4 28. fxg6 fxg6 29. Rxf8+ Bxf8 30. Rg3 Re8 31. cxb4 Qxd4 32. Bf3 Re1+ 33. Kg2 Bd6 34. Rg4 Rg1+ 35. Kh3 Rxg4 36. Qc8+ Kg7 37. Qxg4 Qe5 38. Qg3 Qf6 39. Qg4 Qe5 40.
Qg3 Qe7 41. Qg4 h5 42. Qd4+ Be5 43. Qe4 Qd6 44. Kg2 Bxh2 45. b5 Qg3+ 46. Kf1 Qg1+ 47. Ke2 Bd6 48. Qe3 Qh2+ 49. Kd3 Qg3 50. Qe4 h4 51. b6 h3 52. b7 h2 53. Kc4 Be5 54. Kb5 Qg5 55. Ka6 Qf6+ 56. Qc6 Qd8 57. Bh1 Qd4 58. Kb5 Qb2+ 59. Kc4 Qd4+ 60. Kb5 Kh6 61. Qd5 Qb2+ 62. Ka6 Bd4 63. Qc6 Qb4 64. Qb5 Qd6+ 65. Ka5 Bc3+ 66. Ka4 Qf4+ 67. Kb3 Be5 68. Qc4 Qe3+ 69.
Ka4 Qe1 70. Qe4 Qa1+ 71. Kb5 Qb2+ 72. Kc6 Kg7 73. Kd7 Qc3 74. Ke6 Bc7 75. Qc6 Qe5+ 76. Kd7 Bb8 77. Kc8 Qf4 78. Qd7+ Kh6 79. Qh3+ Kg5 80.
Qg2+ Kh4 81. Qe4 Kg3 82. Qg2+ Kh4 83. Qd5 Qe4 84. Qxe4+ 1-0

[Event "*** Titled Tuesday Blitz"]
[Site "Chess.com"]
[Date "2020.04.14"]
[Round "2"]
[White "kinga2008"]
[Black "amiralfio"]
[Result "1-0"]
[WhiteElo "2215"]
[BlackElo "2557"]
[TimeControl "180+1"]
[EndTime "10:19:45 PDT"]
[Termination "kinga2008 won by resignation"]

1. e4 d5 2. exd5 Qxd5 3. Nf3 Bg4 4. Be2 Nc6 5. h3 Bxf3 6. Bxf3 Qe6+ 7. Qe2 Nd4 8. Qxe6 Nxf3+ 9. gxf3 fxe6 10. O-O g6 11.
Re1 Kf7 12. Nc3 Bg7 13. Ne4 Bf6 14. Nc5 Nh6 15. Nxe6 Nf5 16. Nxc7 Rac8 17. Nd5 Nd4 18. Rf1 Nxf3+ 19. Kg2 Nh4+ 20. Kh2 Rxc2 21. Nxf6 exf6 22. d4 Rd8 23. Be3 Rxb2 24. Rac1 Rd7 25. a3 Nf5 26. Kh1 Re2 27. Rfe1 Ra2 28. Rc3 h5 29.
Rec1 Ke6 30. d5+ Kxd5 31. Bxa7 Ke6 32. Bc5 Nh4 33. Be3 g5 34. Rb3 Kf5 35. Rb5+ Kg6 36. Rb3 Nf5 37. Bc5 g4 38. hxg4 hxg4 39. Rg1 Rh7+ 40.
Kg2 Kg5 41. Kf1 Kf4 42. Rb4+ Kf3 43. Rb3+ Kf4 44. Rb4+ Ke5 45. Rbxg4 Ra1+ 46. Ke2 Rxg1 47. Rxg1 Rh3 48. Be3 Rh4 49. Rb1 b5 50. Rxb5+ Ke6 51. Rb6+ Kf7 52. Kf3 Ra4 53. Rb7+ Kg6 54. Rb3 Nh4+ 55.
Kg3 Nf5+ 56. Kf3 Nh4+ 57. Kg3 f5 58. f4 Ng2 59. Kxg2 Kh5 60. Kf3 Kh4 61. Rb8 Kh5 62.
Rb3 Kh4 63. Rb5 Kh5 64. Rxf5+ Kg6 65. Rg5+ Kf6 66. Rg4 Rxa3 67. Rh4 Kf5 68. Rh6 Rb3 69. Rh5+ Kf6 70. Re5 Rb4 71. Kg4 Ra4 72. Rf5+ Kg6 73. Rg5+ Kf6 74. Rh5 Kg6 75. Re5 Kf6 76.
Bf2 Kg6 77. Bh4 Kf7 78. Kf5 Ra6 79. Re7+ Kf8 80. Bf6 Ra5+ 81. Re5 Ra6 82. Kg6 Ra8 83. Rd5 Re8 84. Rd8 Rxd8 85. Bxd8 Ke8 86. Bg5 Kf8 87. f5 Kg8 88. Bh6 Kh8 89. f6 Kg8 90. f7+ Kh8 1-0